 Dungeon Crawl Stone Soup version 0.29-a0-1047-g7c58e119a4 (webtiles) character file.

Game seed: 7836114038274266310

273 greasedhog the Trooper (level 6, -2/60 HPs)
             Began as a Gargoyle Abyssal Knight on Aug 17, 2022.
             Was an Elder of Lugonu.
             Slain by Menkaure (5 damage)
             ... in an ossuary.
             The game lasted 00:05:03 (4128 turns).

greasedhog the Trooper (Gargoyle Abyssal Knight)    Turns: 4128, Time: 00:05:04

Health: -2/60      AC: 23    Str: 19    XL:     6   Next: 23%
Magic:  7/7        EV:  2    Int: 10    God:    Lugonu [****..]
Gold:   175        SH:  3    Dex: 10    Spells: 5/5 levels left

rFire   . . .      SeeInvis .   a - +1 mace (flame)
rCold   + . .      Faith    .   c - +0 buckler
rNeg    + . .      Spirit   .   (body armour currently unavailable)
rPois   ∞          Reflect  .   (helmet currently unavailable)
rElec   .          Harm     .   (cloak currently unavailable)
rCorr   .          Rampage  .   (gloves currently unavailable)
Will    .....      NoTele   +   (boots currently unavailable)
Stlth   +.........              (no amulet)
HPRegen 0.20/turn               b - +4 ring of evasion
MPRegen 0.10/turn               h - ring of protection from cold

@: tree-form, marked, attractive
A: stationary, stasis, torment immunity, boosted hp, sickness immunity, AC +4,
negative energy resistance 1, (electricity resistance), torment resistance 1,
petrification resistance
a: Renounce Religion, Depart the Abyss, Bend Space, Banish, Corrupt


You were in an ossuary.
You worshipped Lugonu.
Lugonu was greatly pleased with you.
You were a tree.
You visited 1 branch of the dungeon, and saw 4 of its levels.
You visited the Abyss 1 time.
You also visited: Ossuary.

You collected 175 gold pieces.

Inventory:

Hand Weapons
 a - a +1 mace of flaming (weapon)
Armour
 c - a +0 buckler (worn)
 m - a +0 chain mail (melded)
Jewellery
 b - a +4 ring of evasion (left branch)
 h - a ring of protection from cold (right branch)
Scrolls
 d - 3 scrolls of teleportation
 e - a scroll of identify
 f - a scroll of amnesia
 i - a scroll of enchant armour
 o - a scroll of vulnerability


   Skills:
 - Level 5.5 Fighting
 * Level 4.7 Maces & Flails
 - Level 2.1 Armour
 - Level 0.7 Dodging
 * Level 2.3 Invocations


You had 5 spell levels left.
You didn't know any spells.
Your spell library contained the following spells:

 Spells                   Type           Power      Damage    Failure   Level
 Slow                     Hex            0%         N/A       45%         1
 Blink                    Tloc           0%         N/A       61%         2
 Confusing Touch          Hex            0%         N/A       83%         3
 Lesser Beckoning         Tloc           0%         N/A       83%         3
 Vampiric Draining        Necr           0%         2d6       83%         3
 Manifold Assault         Tloc           0%         N/A       100%        5


Dungeon Overview and Level Annotations

Branches:
Dungeon (4/15)            Ossuary (1/1)
 Temple: D:4-7

Altars:
Dithmenos
Yredelemnul

Shops:
D:4 (

Annotations:
Ossuary Menkaure


Innate Abilities, Weirdness & Mutations

You are a tree.
Your roots penetrate the ground, keeping you stationary.
You cannot be teleported.
You are immune to unholy pain and torment.
Your maximum health is greatly increased.
Your equipment is partially melded.
You are immune to sickness and miasma.
((Your stone body is resilient. (AC +4)))
You are immune to poison.
You resist negative energy. (rN+)
((You are resistant to electric shocks. (rElec)))
You are resistant to unholy torment.
You are immune to petrification.


Message History

You block Menkaure's attack.
A mummy comes into view.
You hit Menkaure but do no damage.
Menkaure is heavily damaged.
The orc skeleton hits you but does no damage.
Menkaure hits you!
* * * LOW HITPOINT WARNING * * *
It was a potion of heal wounds.
You feel much better. The orc skeleton barely misses you.
You hit Menkaure but do no damage.
Menkaure is heavily damaged.
Menkaure misses you.
You barely miss Menkaure.
Menkaure is heavily damaged.
Menkaure hits you.
You barely miss Menkaure.
Menkaure is heavily damaged.
Menkaure misses you.
It was a potion of attraction.
You feel attractive to monsters. Menkaure hits you!
* * * LOW HITPOINT WARNING * * *
It was a potion of lignification.
You turn into a tree.
Your +0 chain mail melds into your body.
Your roots penetrate the ground.
Menkaure barely misses you.
You hit Menkaure. You burn Menkaure.
Menkaure is severely damaged.
Menkaure hits you but does no damage.
You hit Menkaure. You burn Menkaure.
Menkaure is severely damaged.
Menkaure mumbles some strange words.
Menkaure seems to speed up.
You hit Menkaure. You burn Menkaure.
Menkaure is almost destroyed.
Menkaure hits you!
* * * LOW HITPOINT WARNING * * *
You barely miss Menkaure.
Menkaure is almost destroyed.
Menkaure hits you but does no damage. Menkaure hits you.
You die...

##....## ##..##..##
##..####..##
##..######..##
##..##....##..##
##..##..##..##..##
##..##..####..##..##
##..##..######..##..##
##..##..##MM♣.##..##..##
##..##..##MZ##..##..##..##
##..##..##ZM#
##..##..##..##
##..##^.##..#
##..##..##..##
##..##..##..#
##..##..##..##
#..##..##..#
##..##..##..## ..##.^##..#
##..##..##..# .##..## .#
##..##..##.. ##..##
##..##..##.


You could see Menkaure (fast), 3 mummies, a hobgoblin skeleton and an orc
skeleton.

Vanquished Creatures
  A necrophage (D:3)
  Jessica (D:2)
  An orc wizard (D:3)
  4 adders
  2 worms (D:2)
  A dart slug (D:1)
  4 orcs (D:3)
  5 ball pythons
  6 bats
  6 endoplasms
  3 giant cockroaches
  7 gnoll zombies (Ossuary)
  3 goblins
  4 hobgoblins (D:1)
  13 jackals
  2 quokkas
  4 frilled lizards
  6 gnoll skeletons (Ossuary)
  3 goblin skeletons (Ossuary)
  7 goblin zombies (Ossuary)
  5 hobgoblin skeletons (Ossuary)
  4 hobgoblin zombies (Ossuary)
  4 kobolds
  4 kobold skeletons (Ossuary)
  A kobold zombie (Ossuary)
  4 orc skeletons (Ossuary)
  2 orc zombies (Ossuary)
  6 rats
  A rat skeleton (Ossuary)
  4 rat zombies (Ossuary)
118 creatures vanquished.

Vanquished Creatures (others)
  2 plants (D:1)
2 creatures vanquished.

Grand Total: 120 creatures vanquished

Notes
Turn   | Place    | Note
-------+----------+-------------------------------------------
     0 | Abyss:1  | greasedhog the Gargoyle Abyssal Knight began the quest for
                  | the Orb.
     0 | Abyss:1  | Reached XP level 1. HP: 14/14 MP: 2/2
     1 | D:1      | Escaped the Abyss
   568 | D:1      | Reached XP level 2. HP: 18/19 MP: 3/3
  1159 | D:1      | Reached XP level 3. HP: 13/24 MP: 4/4
  1204 | D:1      | Reached skill level 4 in Fighting
  1548 | D:1      | Found a faded altar of an unknown god.
  2073 | D:2      | Reached *** piety under Lugonu
  2074 | D:2      | Reached XP level 4. HP: 30/30 MP: 5/5
  2252 | D:2      | Noticed Jessica
  2258 | D:2      | Killed Jessica
  2911 | D:3      | Reached XP level 5. HP: 34/34 MP: 6/6
  2963 | D:3      | Found a basalt altar of Yredelemnul.
  2963 | D:3      | Found a shadowy altar of Dithmenos.
  3105 | D:3      | Reached skill level 5 in Fighting
  3375 | D:3      | Reached XP level 6. HP: 38/40 MP: 7/7
  3644 | D:4      | Found Onnifeid's Antique Weapon Shoppe.
  3694 | D:4      | Found a sand-covered staircase.
  3699 | Ossuary  | Entered an ossuary
  3956 | Ossuary  | Reached **** piety under Lugonu
  4104 | Ossuary  | Noticed Menkaure
  4127 | Ossuary  | HP: 3/60 [Menkaure (13)]
  4128 | Ossuary  | Slain by Menkaure

Illustrated notes

Levels and vault maps discovered:
D:1:      roderic_octagonal_star, layout_basic, serial_forest,
          infiniplex_forest_straight_2, infiniplex_forest_end_3,
          infiniplex_forest_zigzag_1, infiniplex_forest_clump_C,
          infiniplex_forest_zigzag_1, infiniplex_forest_clump_curved,
          infiniplex_forest_zigzag_1, infiniplex_forest_straight_2,
          infiniplex_forest_fountain, hellmonk_ecumenical_altar_zigzags
D:2:      layout_basic, uniq_jessica
D:3:      layout_basic, gammafunk_temple_overflow_wave,
          minmay_misc_feat_four_crosses
D:4:      layout_layer_cave, serial_shops, nicolae_shop_hallway_plus,
          nicolae_ossuary_entry_ruins, serial_bayou_lagoon_a, uniq_robin,
          uniq_duvessa
Ossuary:  ossuary_due_pyramid

Skill      XL: |  1  2  3  4  5 |
---------------+----------------+-----
Fighting       | 4 5 |  5.5
Maces & Flails | 3 4 |  4.7
Armour         | |  2.1
Dodging        | |  0.7
Invocations    | |  2.3

Action                   |  1- 3 |  4- 6 || total
-------------------------+-------+-------++-------
Melee: Mace              |   123 |   272 ||   395
  Use: Scroll            |     3 |     8 ||    11
       Potion            |       |     5 ||     5
Armor: Leather armour    |    65 |       ||    65
       Scale mail        |    21 |    63 ||    84
       Chain mail        |       |    72 ||    72
       Skin              |       |     2 ||     2
Dodge: Dodged            |    91 |   174 ||   265
Block: Buckler           |    22 |    40 ||    62

Table legend: (Time is in decaauts)
 A = Elapsed time spent in this place.
 B = Non-inter-level travel time spent in this place.
 C = Inter-level travel time spent in this place.
 D = Time resting spent in this place.
 E = Time spent auto-exploring this place.
 F = Levels seen in this place.
 G = Mean time per level.
                   A        B        C        D        E       F      G
               +--------+--------+--------+--------+--------+-----+--------+
         Total |   4231 |   4138 |     93 |    609 |   2622 |   6 |  705.2 |
       Dungeon |   3773 |   3680 |     93 |    522 |   2491 |   4 |  943.2 |
         Abyss |      1 |      1 |      0 |      0 |      0 |   1 |    1.0 |
       Ossuary |    456 |    456 |      0 |     87 |    131 |   1 |  456.0 |
               +--------+--------+--------+--------+--------+-----+--------+

Top non-repeatable levels by time:
     D:1: 1730 daAuts
     D:3: 1052 daAuts
     D:2: 897 daAuts
 Ossuary: 456 daAuts
     D:4: 92 daAuts
 Abyss:1: 1 daAuts
